TOP OF THE 1ST |
Mexico City Cerveceros batting - Pitching for District 9 Prawns : RHP Mike Stabler
|
Pitching: RHP Mike Stabler
|
|
Batting: SHB António Hernández
|
0-0: Fly out, F6 (Popup, 5DF)
|
Batting: RHB Robert Johnson
|
0-0: Ball 1-0: SINGLE (Groundball, 5D)
|
Batting: LHB Eduardo Gómez
|
0-0: Ball 1-0: Ball 2-0: Grounds into double play, 4-6-3 (Groundball, 4)
|
Top of the 1st over - 0 run(s), 1 hit(s), 0 error(s), 0 left on base; Mexico City 0 - District 9 0 |
BOTTOM OF THE 1ST |
District 9 Prawns batting - Pitching for Mexico City Cerveceros : RHP Roberto Matoza
|
Pitching: RHP Roberto Matoza
|
|
Batting: SHB Mark Pope
|
0-0: Called Strike 0-1: Ball 1-1: Ball 2-1: Foul Ball, location: 2F 2-2: Strikes out swinging
|
Batting: LHB Leonard Harvey
|
0-0: Swinging Strike 0-1: Called Strike 0-2: Ball 1-2: Foul Ball, location: 2F 1-2: Ball 2-2: Fly out, F6 (Line Drive, 6)
|
Batting: RHB Rafael González
|
0-0: Swinging Strike 0-1: Ball 1-1: Ball 2-1: Foul Ball, location: 2F 2-2: Ball 3-2: Strikes out swinging
|
Bottom of the 1st over - 0 run(s), 0 hit(s), 0 error(s), 0 left on base; Mexico City 0 - District 9 0 |
TOP OF THE 2ND |
Mexico City Cerveceros batting - Pitching for District 9 Prawns : RHP Mike Stabler
|
Batting: RHB Arnold Harmon
|
0-0: Ball 1-0: SOLO HOME RUN (Flyball, 9D), Distance : 393 ft
|
Batting: LHB Javier Escobedo
|
0-0: Ball 1-0: Called Strike 1-1: Foul Ball, location: 2F 1-2: Ball 2-2: Strikes out looking
|
Batting: LHB Brandon Cummings
|
0-0: Ball 1-0: Foul Ball, location: 2F 1-1: Called Strike 1-2: Fly out, F9 (Flyball, 9D)
|
Batting: LHB Jesús Núñez
|
0-0: SINGLE (Groundball, 3D)
|
Batting: RHB Dave Morgan
|
0-0: Swinging Strike 0-1: Ball 1-1: Foul Ball, location: 2F 1-2: Ball 2-2: Ball 3-2: Foul Ball, location: 2F 3-2: Fly out, F8 (Line Drive, 8LXD)
|
Top of the 2nd over - 1 run(s), 2 hit(s), 0 error(s), 1 left on base; Mexico City 1 - District 9 0 |
BOTTOM OF THE 2ND |
District 9 Prawns batting - Pitching for Mexico City Cerveceros : RHP Roberto Matoza
|
Batting: RHB Tony Guzmán
|
0-0: Foul Ball, location: 2F 0-1: Ball 1-1: Swinging Strike 1-2: Ball 2-2: Foul Ball, location: 2F 2-2: Strikes out swinging
|
Batting: RHB Lateef Makini
|
0-0: Fly out, F9 (Flyball, 9D)
|
Batting: LHB Leonard Young
|
0-0: Ball 1-0: Called Strike 1-1: Swinging Strike 1-2: Strikes out swinging
|
Bottom of the 2nd over - 0 run(s), 0 hit(s), 0 error(s), 0 left on base; Mexico City 1 - District 9 0 |
TOP OF THE 3RD |
Mexico City Cerveceros batting - Pitching for District 9 Prawns : RHP Mike Stabler
|
Batting: RHB Rafael González
|
0-0: Ball 1-0: Ball 2-0: Called Strike 2-1: Ball 3-1: Base on Balls
|
Batting: SHB António Hernández
|
0-0: Foul Ball, location: 2F 0-1: Ball 1-1: Foul Ball, location: 2F 1-2: Ball 2-2: Foul Ball, location: 2F 2-2: Fly out, F8 (Flyball, 8LD)
|
Batting: RHB Robert Johnson
|
0-0: Called Strike 0-1: Swinging Strike 0-2: Ball 1-2: Strikes out swinging
|
Batting: LHB Eduardo Gómez
|
0-0: Ball 1-0: Ground out U3 (Groundball, 3)
|
Top of the 3rd over - 0 run(s), 0 hit(s), 0 error(s), 1 left on base; Mexico City 1 - District 9 0 |
BOTTOM OF THE 3RD |
District 9 Prawns batting - Pitching for Mexico City Cerveceros : RHP Roberto Matoza
|
Batting: RHB Brian Jackson
|
0-0: Ball 1-0: Called Strike 1-1: Called Strike 1-2: Ball 2-2: Strikes out swinging
|
Batting: RHB Lúcio García
|
0-0: Ball 1-0: Called Strike 1-1: Swinging Strike 1-2: Ball 2-2: Ground out 6-3 (Groundball, 6)
|
Batting: RHB Mal Snyder
|
0-0: Called Strike 0-1: Ball 1-1: Ball 2-1: Ball 3-1: Foul Ball, location: 2F 3-2: Base on Balls
|
Batting: SHB Mark Pope
|
0-0: Ball 1-0: Ball 2-0: Ball 3-0: Base on Balls Mal Snyder to second
|
Batting: LHB Leonard Harvey
|
0-0: DOUBLE (Flyball, 78XD) Mal Snyder scores Mark Pope to third
|
Batting: RHB Rafael González
|
0-0: Ball 1-0: Foul Ball, location: 2F 1-1: Fly out, F9 (Popup, 4D)
|
Bottom of the 3rd over - 1 run(s), 1 hit(s), 0 error(s), 2 left on base; Mexico City 1 - District 9 1 |
TOP OF THE 4TH |
Mexico City Cerveceros batting - Pitching for District 9 Prawns : RHP Mike Stabler
|
Batting: RHB Arnold Harmon
|
0-0: Called Strike 0-1: Foul Ball, location: 2F 0-2: Foul Ball, location: 2F 0-2: Ball 1-2: Strikes out swinging
|
Batting: LHB Javier Escobedo
|
0-0: TRIPLE (Flyball, 78M)
|
Batting: LHB Brandon Cummings
|
0-0: Foul Ball, location: 2F 0-1: Ball 1-1: Fly out, F9 (Flyball, 89M) Runner from 3rd tags up, SCORES, no throw
|
Batting: LHB Jesús Núñez
|
0-0: Called Strike 0-1: Ball 1-1: Ball 2-1: Ground out U3 (Groundball, 3L)
|
Top of the 4th over - 1 run(s), 1 hit(s), 0 error(s), 0 left on base; Mexico City 2 - District 9 1 |
BOTTOM OF THE 4TH |
District 9 Prawns batting - Pitching for Mexico City Cerveceros : RHP Roberto Matoza
|
Batting: RHB Tony Guzmán
|
0-0: Ball 1-0: Ground out 5-3 (Groundball, 5)
|
Batting: RHB Lateef Makini
|
0-0: Ball 1-0: SINGLE (Groundball, 6M)
|
Batting: LHB Leonard Young
|
0-0: Swinging Strike 0-1: Foul Ball, location: 2F 0-2: Ball 1-2: Ball 2-2: Ball Wild Pitch! Lateef Makini to second 3-2: Fly out, F3 (Popup, 3SF)
|
Batting: RHB Brian Jackson
|
0-0: Called Strike 0-1: Ball 1-1: Ground out 3-1 (Groundball, 34S)
|
Bottom of the 4th over - 0 run(s), 1 hit(s), 0 error(s), 1 left on base; Mexico City 2 - District 9 1 |
TOP OF THE 5TH |
Mexico City Cerveceros batting - Pitching for District 9 Prawns : RHP Mike Stabler
|
Batting: RHB Dave Morgan
|
0-0: Called Strike 0-1: Foul Ball, location: 2F 0-2: Ball 1-2: Strikes out looking
|
Batting: RHB Rafael González
|
0-0: Called Strike 0-1: Ball 1-1: SINGLE (Groundball, 6MD)
|
Batting: SHB António Hernández
|
0-0: Ball 1-0: 2-RUN HOME RUN (Flyball, 7D), Distance : 399 ft
|
Batting: RHB Robert Johnson
|
0-0: Ball 1-0: Ball 2-0: Ball 3-0: Called Strike 3-1: Called Strike 3-2: SINGLE (Groundball, 56D)
|
Pitching: LHP Pedro Valdés
|
|
Batting: LHB Eduardo Gómez
|
0-0: 2-RUN HOME RUN (Flyball, 9D), Distance : 381 ft
|
Batting: RHB Arnold Harmon
|
0-0: Ball 1-0: Called Strike 1-1: Called Strike 1-2: Strikes out swinging
|
Batting: LHB Javier Escobedo
|
0-0: SINGLE (Line Drive, 9S)
|
Batting: LHB Brandon Cummings
|
0-0: Ball 1-0: Foul Ball, location: 2F 1-1: Ball 2-1: Ball 3-1: Swinging Strike 3-2: Base on Balls Javier Escobedo to second
|
Batting: LHB Jesús Núñez
|
0-0: Called Strike 0-1: Foul Ball, location: 2F 0-2: Strikes out swinging
|
Top of the 5th over - 4 run(s), 5 hit(s), 0 error(s), 2 left on base; Mexico City 6 - District 9 1 |
BOTTOM OF THE 5TH |
District 9 Prawns batting - Pitching for Mexico City Cerveceros : RHP Roberto Matoza
|
Batting: RHB Lúcio García
|
0-0: Called Strike 0-1: DOUBLE (Flyball, 89XD)
|
Batting: RHB Mal Snyder
|
0-0: Ball 1-0: Ball 2-0: Ball 3-0: Base on Balls
|
Batting: SHB Mark Pope
|
0-0: Ball 1-0: Fly out, F9 (Flyball, 89M)
|
Batting: LHB Leonard Harvey
|
0-0: Ball 1-0: Called Strike 1-1: Ball Wild Pitch! Lúcio García to third Mal Snyder to second 2-1: Fly out, F9 (Flyball, 9LM) Runner from 3rd tags up, SCORES, no throw
|
Batting: RHB Rafael González
|
0-0: Ball 1-0: SINGLE (Groundball, 56D) Mal Snyder to third Runner from 3rd tries for Home, SAFE, no throw or cutoff
|
Batting: RHB Tony Guzmán
|
0-0: Foul Ball, location: 2F 0-1: Ball 1-1: Foul Ball, location: 2F 1-2: Ball 2-2: Strikes out looking
|
Bottom of the 5th over - 2 run(s), 2 hit(s), 0 error(s), 1 left on base; Mexico City 6 - District 9 3 |
TOP OF THE 6TH |
Mexico City Cerveceros batting - Pitching for District 9 Prawns : LHP Pedro Valdés
|
Batting: RHB Dave Morgan
|
0-0: Called Strike 0-1: Ball 1-1: Foul Ball, location: 2F 1-2: Ball 2-2: Fly out, F7 (Flyball, 7D)
|
Batting: RHB Rafael González
|
0-0: Ground out 1-3 (Groundball, 13)
|
Batting: SHB António Hernández
|
0-0: Foul Ball, location: 2F 0-1: Ground out 4-3 (Groundball, 4)
|
Top of the 6th over - 0 run(s), 0 hit(s), 0 error(s), 0 left on base; Mexico City 6 - District 9 3 |
BOTTOM OF THE 6TH |
District 9 Prawns batting - Pitching for Mexico City Cerveceros : RHP Roberto Matoza
|
Pitching: RHP Josh Schmitt
|
|
Batting: RHB Lateef Makini
|
0-0: Called Strike 0-1: Fly out, F8 (Flyball, 8LM)
|
Batting: LHB Leonard Young
|
0-0: Ball 1-0: Foul Ball, location: 2F 1-1: Ground out 1-3 (Groundball, 13)
|
Batting: RHB Brian Jackson
|
0-0: Foul Ball, location: 2F 0-1: Called Strike 0-2: Ball 1-2: Strikes out swinging
|
Bottom of the 6th over - 0 run(s), 0 hit(s), 0 error(s), 0 left on base; Mexico City 6 - District 9 3 |
TOP OF THE 7TH |
Mexico City Cerveceros batting - Pitching for District 9 Prawns : LHP Pedro Valdés
|
Batting: RHB Robert Johnson
|
0-0: Swinging Strike 0-1: Called Strike 0-2: Strikes out looking
|
Batting: LHB Eduardo Gómez
|
0-0: Ball 1-0: Swinging Strike 1-1: SOLO HOME RUN (Flyball, 89XD), Distance : 433 ft
|
Pitching: RHP Eduardo Delgado
|
|
Batting: RHB Arnold Harmon
|
0-0: Ball 1-0: Called Strike 1-1: Swinging Strike 1-2: Ground out 6-3 (Groundball, 6S)
|
Batting: LHB Javier Escobedo
|
0-0: DOUBLE (Flyball, 89D)
|
Batting: LHB Brandon Cummings
|
0-0: SINGLE (Groundball, 6M) Javier Escobedo to third Runner from 3rd tries for Home, SAFE, no throw or cutoff
|
Batting: LHB Jesús Núñez
|
0-0: Ball 1-0: Ball Brandon Cummings steals 2nd base 2-0: Ball 3-0: Called Strike 3-1: SINGLE (Line Drive, 34) Brandon Cummings to third Runner from 3rd tries for Home, SAFE, throw made home Jesús Núñez to second
|
Batting: RHB Dave Morgan
|
0-0: Called Strike 0-1: Foul Ball, location: 2F 0-2: Ball 1-2: Foul Ball, location: 2F 1-2: SINGLE (Line Drive, 6) Jesús Núñez to third
|
Batting: RHB Rafael González
|
0-0: Foul Ball, location: 2F 0-1: Ball 1-1: Ball 2-1: Ball 3-1: Fly out, F9 (Flyball, 89M)
|
Top of the 7th over - 3 run(s), 5 hit(s), 0 error(s), 2 left on base; Mexico City 9 - District 9 3 |
BOTTOM OF THE 7TH |
District 9 Prawns batting - Pitching for Mexico City Cerveceros : RHP Josh Schmitt
|
Batting: RHB Lúcio García
|
0-0: Ball 1-0: Ball 2-0: Ground out 5-3 (Groundball, 56)
|
Batting: RHB Mal Snyder
|
0-0: Foul Ball, location: 2F 0-1: Swinging Strike 0-2: Ball 1-2: Ball 2-2: Ball 3-2: Base on Balls
|
Batting: SHB Mark Pope
|
0-0: Fly out, F8 (Flyball, 8RM)
|
Batting: LHB Leonard Harvey
|
0-0: Ground out 6-3 (Groundball, 6)
|
Bottom of the 7th over - 0 run(s), 0 hit(s), 0 error(s), 1 left on base; Mexico City 9 - District 9 3 |
TOP OF THE 8TH |
Mexico City Cerveceros batting - Pitching for District 9 Prawns : RHP Eduardo Delgado
|
Batting: SHB António Hernández
|
0-0: Ball 1-0: Called Strike 1-1: Ball 2-1: Ball 3-1: Foul Ball, location: 2F 3-2: SINGLE (Line Drive, 9S)
|
Batting: RHB Robert Johnson
|
0-0: Sac Bunt - play at first, batter OUT! 1-3 António Hernández to second
|
Batting: LHB Eduardo Gómez
|
0-0: Ball 1-0: Ball 2-0: Called Strike 2-1: Ball 3-1: Foul Ball, location: 2F 3-2: Foul Ball, location: 2F 3-2: Base on Balls
|
Batting: RHB Arnold Harmon
|
0-0: Ball 1-0: Called Strike 1-1: Foul Ball, location: 2F 1-2: Ball 2-2: Fly out, F9 (Flyball, 9LDF) Runner from 2nd tags up, SAFE at 3rd, no throw
|
Batting: LHB Javier Escobedo
|
0-0: Ball 1-0: Swinging Strike 1-1: Ball 2-1: Ball 3-1: Base on Balls Eduardo Gómez to second
|
Batting: LHB Brandon Cummings
|
0-0: Called Strike 0-1: Foul Ball, location: 2F 0-2: Foul Ball, location: 2F 0-2: GRAND SLAM HOME RUN (Flyball, 9D), Distance : 468 ft
|
Pitching: RHP Doug Adams
|
|
Batting: LHB Jesús Núñez
|
0-0: Ball 1-0: Foul Ball, location: 2F 1-1: Ball 2-1: Ground out 3-1 (Groundball, 3)
|
Top of the 8th over - 4 run(s), 2 hit(s), 0 error(s), 0 left on base; Mexico City 13 - District 9 3 |
BOTTOM OF THE 8TH |
District 9 Prawns batting - Pitching for Mexico City Cerveceros : RHP Josh Schmitt
|
Pitching: LHP Jerry Beck
|
|
Batting: RHB Rafael González
|
0-0: Foul Ball, location: 2F 0-1: Ground out 5-3 (Groundball, 5)
|
Batting: RHB Tony Guzmán
|
0-0: Called Strike 0-1: Foul Ball, location: 2F 0-2: Ball 1-2: Strikes out swinging
|
Batting: RHB Lateef Makini
|
0-0: Ball 1-0: Ball 2-0: Foul Ball, location: 2F 2-1: Swinging Strike 2-2: Strikes out looking
|
Bottom of the 8th over - 0 run(s), 0 hit(s), 0 error(s), 0 left on base; Mexico City 13 - District 9 3 |
TOP OF THE 9TH |
Mexico City Cerveceros batting - Pitching for District 9 Prawns : RHP Doug Adams
|
Batting: RHB Dave Morgan
|
0-0: Ball 1-0: Called Strike 1-1: Ball 2-1: Called Strike 2-2: Strikes out swinging
|
Batting: RHB Rafael González
|
0-0: Ball 1-0: SINGLE (Line Drive, 78S)
|
Batting: SHB António Hernández
|
0-0: Called Strike 0-1: Grounds into double play, U4-3 (Groundball, 4)
|
Top of the 9th over - 0 run(s), 1 hit(s), 0 error(s), 0 left on base; Mexico City 13 - District 9 3 |
BOTTOM OF THE 9TH |
District 9 Prawns batting - Pitching for Mexico City Cerveceros : LHP Jerry Beck
|
Batting: LHB Leonard Young
|
0-0: Fly out, F8 (Flyball, 8RXD)
|
Batting: RHB Brian Jackson
|
0-0: Called Strike 0-1: Ball 1-1: Ground out 6-3 (Groundball, 6M)
|
Batting: RHB Lúcio García
|
0-0: Foul Ball, location: 2F 0-1: Ball 1-1: Ball 2-1: Ball 3-1: Base on Balls
|
Batting: RHB Mal Snyder
|
0-0: Ball 1-0: Ball 2-0: Foul Ball, location: 2F 2-1: Called Strike 2-2: Foul Ball, location: 2F 2-2: Ball 3-2: Foul Ball, location: 2F 3-2: Foul Ball, location: 2F 3-2: Base on Balls Lúcio García to second
|
Batting: SHB Mark Pope
|
0-0: Ball 1-0: Ball 2-0: Called Strike 2-1: Ball 3-1: Foul Ball, location: 2F 3-2: Foul Ball, location: 2F 3-2: Base on Balls Lúcio García to third Mal Snyder to second
|
Batting: LHB Leonard Harvey
|
0-0: Called Strike 0-1: Called Strike 0-2: Strikes out swinging
|
Bottom of the 9th over - 0 run(s), 0 hit(s), 0 error(s), 3 left on base; Mexico City 13 - District 9 3 |
|